[Event "Mitropa Cup Women 2019"]
[Site "Radenci"]
[Date "2019.06.01"]
[Round "6.10"]
[White "Afraoui, Anaelle"]
[Black "Ferkova, Dominika"]
[Result "1/2-1/2"]
[ECO "B19"]
[WhiteElo "2068"]
[BlackElo "2037"]
[Annotator "NA"]
[PlyCount "118"]
[EventDate "2019.05.27"]
[EventType "team-tourn"]
[EventCountry "SLO"]
[SourceTitle "playchess.com"]
[Source "ChessBase"]
[SourceQuality "1"]
[WhiteTeam "France"]
[BlackTeam "Slovakia"]
[WhiteTeamCountry "FRA"]
[BlackTeamCountry "SVK"]
[TimeControl "40/5400+30:1800+30"]

1. e4 c6 2. d4 d5 3. Nc3 dxe4 4. Nxe4 Bf5 5. Ng3 Bg6 6. h4 h6 7. Nf3 Nd7 8. Bd3 Bxd3 9. Qxd3 e6 10. Bd2 Ngf6 11. O-O-O Be7 12. Qe2 O-O 13. Nf1 c5 14. g4 Nxg4 15. Rg1 f5 16. Qxe6+ Rf7 17. Ng3 Nf8 18. Qc4 b5 19. Qxb5 Qd5 20. Qb3 c4 21. Qc3 a5 22. Ne5 Nxe5 23. dxe5 Bb4 24. Qe3 c3 25. Bxc3 Qxa2 26. Bxb4 axb4 27. Qb3 Qxb3 28. cxb3 f4 29. Ne2 Ra5 30. Rge1 Rxe5 31. Nd4 Rd5 32. Nc2 Rc5 33. Kb1 Ng6 34. Rh1 Rh5 35. Nxb4 Rxh4 36. Rxh4 Nxh4 37. Nd5 g5 38. b4 Rb7 39. Kc2 Nf5 40. Kc3 Kf7 41. Kc4 Ne7 42. b5 h5 43. Kc5 h4 44. f3 Nxd5 45. Rxd5 Kg6 46. Kc6 Rh7 47. b6 h3 48. b7 Rh8 49. Kc7 h2 50. Rd1 g4 51. fxg4 f3 52. b8=Q Rxb8 53. Kxb8 Kg5 54. b4 Kxg4 55. b5 Kg3 56. b6 Kg2 57. b7 h1=Q 58. Rxh1 Kxh1 59. Kc8 f2 1/2-1/2

[Event "Mitropa Cup Women 2019"]
[Site "Radenci"]
[Date "2019.06.01"]
[Round "6.11"]
[White "Sankova, Stella"]
[Black "Choisy, Mathilde"]
[Result "1-0"]
[ECO "C11"]
[WhiteElo "2013"]
[BlackElo "2113"]
[Annotator "ChessBase"]
[PlyCount "73"]
[EventDate "2019.05.27"]
[EventType "team-tourn"]
[EventCountry "SLO"]
[SourceTitle "playchess.com"]
[Source "ChessBase"]
[SourceQuality "1"]
[WhiteTeam "Slovakia"]
[BlackTeam "France"]
[WhiteTeamCountry "SVK"]
[BlackTeamCountry "FRA"]
[TimeControl "40/5400+30:1800+30"]

1. e4 e6 2. d4 d5 3. Nc3 Nf6 4. e5 Nfd7 5. f4 c5 6. Nf3 Be7 7. Be3 b6 8. Qd2 O-O 9. O-O-O Nc6 10. Qf2 c4 11. f5 b5 12. f6 gxf6 13. Bh6 Kh8 14. exf6 Bxf6 15. Bxf8 Qxf8 16. g4 b4 17. Ne2 Qd8 18. Kb1 Qa5 19. Nc1 Rb8 20. h4 b3 21. axb3 c3 22. bxc3 Nc5 23. Ng5 Bxg5 24. dxc5 Bxc1 25. Rxc1 Qxc3 26. Rh3 Qg7 27. g5 e5 28. Rf3 Be6 29. Bh3 e4 30. Rg3 Bxh3 31. Rxh3 Ne5 32. Qd4 Nc4 33. Qxg7+ Kxg7 34. Rd1 e3 35. Kc1 Ne5 36. Rxe3 Ng4 37. Rg3 1-0

[Event "Mitropa Cup Women 2019"]
[Site "Radenci"]
[Date "2019.06.01"]
[Round "6.12"]
[White "Djidjeli, Sarah"]
[Black "Milcova, Zuzana"]
[Result "1-0"]
[ECO "B17"]
[WhiteElo "2012"]
[BlackElo "2093"]
[Annotator "NA"]
[PlyCount "117"]
[EventDate "2019.05.27"]
[EventType "team-tourn"]
[EventCountry "SLO"]
[SourceTitle "playchess.com"]
[Source "ChessBase"]
[SourceQuality "1"]
[WhiteTeam "France"]
[BlackTeam "Slovakia"]
[WhiteTeamCountry "FRA"]
[BlackTeamCountry "SVK"]
[TimeControl "40/5400+30:1800+30"]

1. e4 c6 2. d4 d5 3. Nc3 dxe4 4. Nxe4 Nd7 5. Ng5 e6 6. Bd3 Ngf6 7. N1f3 Bd6 8. Qe2 h6 9. Ne4 Nxe4 10. Qxe4 Nf6 11. Qe2 b6 12. Bd2 {[%emt 0:02:09] B17: Caro-Kann: Modern Line (4...Nd7)} (12. O-O O-O 13. Ne5 Qc7 14. Bf4 Bb7 15. Rad1 Rad8 16. Bg3 c5 17. dxc5 Qxc5 18. Ng4 Nh5 19. Bxd6 Rxd6 {1-0 (48) Smirnov,A (2549)-Le,Q (2715) chess.com INT 2018}) 12... Bb7 13. O-O-O Qe7 14. c4 O-O-O 15. Kb1 Nd7 $146 ({Predecessor:} 15... Kb8 16. a3 c5 17. Bc3 Rhe8 18. dxc5 Bxc5 19. Ne5 Ka8 {1-0 (40) Chapman,M (2075)-Allen,A (2255) Suncoast 1999}) 16. Rhe1 Rhe8 17. Bc3 Bb4 18. Rc1 Bxc3 19. Rxc3 c5 20. Be4 Qd6 21. Bxb7+ Kxb7 22. dxc5 Qxc5 23. Qe4+ Qc6 24. Qg4 Rg8 25. Nd4 Qc5 26. Qf3+ Kc7 27. Ra3 a5 28. Nb5+ Kb8 29. Qf4+ e5 30. Qxf7 Rgf8 31. Qxg7 Qb4 32. Rd1 Rxf2 33. Rb3 Qxc4 34. Nc3 Rf7 35. Qxh6 Rc8 36. Qd6+ Qc7 37. Qxc7+ Rxc7 38. Nd5 Rc6 39. a3 Ka7 40. Re3 Rg6 41. Rd2 Rf1+ 42. Kc2 Rg1 43. g3 Re6 $18 44. Nc3 Nc5 45. b4 axb4 46. axb4 Na6 47. Rd7+ Kb8 48. Kb3 Rf1 49. h4 Nc7 50. h5 Rc6 51. Re7 Rc1 52. R7xe5 Kb7 53. g4 b5 54. g5 Ra1 55. Re1 Ra8 56. g6 Rc8 57. Nxb5 Nxb5 58. Rxb5+ Ka6 59. Rc5 1-0

[Event "Mitropa Cup Women 2019"]
[Site "Radenci"]
[Date "2019.06.01"]
[Round "6.13"]
[White "Pychova, Nela"]
[Black "Medic, Mirjana"]
[Result "1/2-1/2"]
[ECO "E17"]
[WhiteElo "2174"]
[BlackElo "2253"]
[Annotator "ChessBase"]
[PlyCount "124"]
[EventDate "2019.05.27"]
[EventType "team-tourn"]
[EventCountry "SLO"]
[SourceTitle "playchess.com"]
[Source "ChessBase"]
[SourceQuality "1"]
[WhiteTeam "Czech Republic"]
[BlackTeam "Croatia"]
[WhiteTeamCountry "CZE"]
[BlackTeamCountry "CRO"]
[TimeControl "40/5400+30:1800+30"]

1. Nf3 Nf6 2. g3 b6 3. Bg2 Bb7 4. c4 e6 5. b3 Be7 6. Bb2 O-O 7. O-O c5 8. Nc3 d5 9. cxd5 exd5 10. d4 Nbd7 11. dxc5 Nxc5 12. Nd4 Qd7 13. Rc1 Rfd8 14. Qc2 Rac8 15. Qf5 Ne6 16. Nxe6 fxe6 17. Qe5 Bd6 18. Qg5 e5 19. Rfd1 d4 20. Bxb7 Qxb7 21. Nb5 Rxc1 22. Rxc1 Bb8 23. Qf5 Re8 24. Ba3 a6 25. Nd6 Bxd6 26. Bxd6 Qd5 27. Bb4 a5 28. Ba3 Qe6 29. Qxe6+ Rxe6 30. Rc8+ Ne8 31. h4 Kf7 32. Kf1 Kg6 33. Rd8 h5 34. Rd7 Kf5 35. Bf8 g5 36. hxg5 Kxg5 37. Be7+ Kg6 38. Bd8 Nf6 39. Rb7 Nd5 40. Ke1 Rd6 41. Rb8 e4 42. Bh4 Nc3 43. Rd8 Rxd8 44. Bxd8 Nd5 45. Kd2 Kf5 46. f3 Ke5 47. fxe4 Kxe4 48. a4 Ke5 49. Kd3 Nb4+ 50. Kc4 Nd5 51. Kd3 Nb4+ 52. Kd2 Nd5 53. Bg5 Kf5 54. Bh6 Ke4 55. Bf8 Nc3 56. Bg7 Nd5 57. Bf8 Nc3 58. Bg7 Nd5 59. Bh6 Nc3 60. e3 Nd5 61. exd4 Kxd4 62. Bg7+ {[%emt 0:00:29] Ke5} Kc5 1/2-1/2

[Event "Mitropa Cup Women 2019"]
[Site "Radenci"]
[Date "2019.06.01"]
[Round "6.14"]
[White "Cvitan, Ena"]
[Black "Nemcova, Karin"]
[Result "1-0"]
[ECO "E59"]
[WhiteElo "2132"]
[BlackElo "1947"]
[Annotator "ChessBase"]
[PlyCount "65"]
[EventDate "2019.05.27"]
[EventType "team-tourn"]
[EventCountry "SLO"]
[SourceTitle "playchess.com"]
[Source "ChessBase"]
[SourceQuality "1"]
[WhiteTeam "Croatia"]
[BlackTeam "Czech Republic"]
[WhiteTeamCountry "CRO"]
[BlackTeamCountry "CZE"]
[TimeControl "40/5400+30:1800+30"]

1. d4 Nf6 2. c4 e6 3. Nc3 Bb4 4. e3 O-O 5. Bd3 d5 6. Nf3 dxc4 7. Bxc4 c5 8. O-O Nc6 9. a3 Bxc3 10. bxc3 Qc7 11. Qe2 e5 12. h3 Bf5 13. Bb2 Rad8 14. Rfd1 e4 15. Nd2 Bg6 16. Nf1 Bh5 17. g4 Bg6 18. Ng3 Na5 19. Rac1 b5 20. Bxb5 c4 21. a4 Qc8 22. Ba3 a6 23. Bb4 axb5 24. Bxa5 Rd5 25. Bb4 Re8 26. axb5 h5 27. Bc5 hxg4 28. h4 Rh5 29. Qxc4 Rxh4 30. b6 Nh5 31. Qb5 Nxg3 32. fxg3 Qb8 33. Bd6 1-0

[Event "Mitropa Cup Women 2019"]
[Site "Radenci"]
[Date "2019.06.01"]
[Round "6.15"]
[White "Koubova, Anna Marie"]
[Black "Blazeka, Mihaela"]
[Result "1/2-1/2"]
[ECO "E11"]
[WhiteElo "1975"]
[BlackElo "2118"]
[Annotator "ChessBase"]
[PlyCount "158"]
[EventDate "2019.05.27"]
[EventType "team-tourn"]
[EventCountry "SLO"]
[SourceTitle "playchess.com"]
[Source "ChessBase"]
[SourceQuality "1"]
[WhiteTeam "Czech Republic"]
[BlackTeam "Croatia"]
[WhiteTeamCountry "CZE"]
[BlackTeamCountry "CRO"]
[TimeControl "40/5400+30:1800+30"]

1. d4 Nf6 2. c4 e6 3. g3 Bb4+ 4. Bd2 Qe7 5. Bg2 Nc6 6. Nf3 Bxd2+ 7. Nbxd2 e5 8. d5 Nb8 9. e4 d6 10. O-O a5 11. Ne1 h5 12. h4 Bg4 13. Qa4+ Bd7 14. Qb3 b6 15. Nd3 Na6 16. Qc3 g6 17. b3 O-O 18. a3 c6 19. b4 axb4 20. axb4 Rfc8 21. Qb2 cxd5 22. exd5 Bf5 23. Ra3 Nc7 24. Rfa1 Rxa3 25. Rxa3 b5 26. c5 e4 27. cxd6 Qxd6 28. Nc5 Qxd5 29. Nf1 Ng4 30. Ne3 Nxe3 31. Rxe3 Qd1+ 32. Kh2 Nd5 33. Re2 Nf6 34. f3 exf3 35. Bxf3 Ng4+ 36. Bxg4 Bxg4 37. Rg2 Re8 38. Qd2 Qb1 39. Rg1 Qf5 40. Re1 Rxe1 41. Qxe1 Qc2+ 42. Kg1 Bh3 43. Qe8+ Kg7 44. Qe5+ Kh7 45. Qd5 Qb1+ 46. Kh2 Qf5 47. Qa2 Bf1 48. Ne4 Bc4 49. Qb1 Kg8 50. Qe1 Qf1 51. Qe3 Qe2+ 52. Qxe2 Bxe2 53. Kg2 Kf8 54. Kf2 Bg4 55. Ke3 Ke7 56. Kd4 Bd7 57. Kc5 Ke6 58. Nd6 f6 59. Nxb5 Kf5 60. Nd6+ Kg4 61. Ne4 Ba4 62. Kd4 f5 63. Nc3 Be8 64. b5 Bxb5 65. Nxb5 Kxg3 66. Ke5 f4 67. Nc3 f3 68. Ne4+ Kg4 69. Kf6 Kxh4 70. Kxg6 Kg4 71. Nf6+ Kh3 72. Ne4 Kg4 73. Nf6+ Kh4 74. Ne4 Kg4 75. Nf6+ Kh3 76. Ne4 h4 77. Kg5 f2 78. Nxf2+ Kg2 79. Kxh4 Kxf2 1/2-1/2

[Event "Mitropa Cup Women 2019"]
[Site "Radenci"]
[Date "2019.06.01"]
[Round "6.16"]
[White "Spiranec, Noemi"]
[Black "Pribylova, Sofie"]
[Result "0-1"]
[ECO "D76"]
[WhiteElo "2009"]
[BlackElo "2069"]
[Annotator "NA"]
[PlyCount "66"]
[EventDate "2019.05.27"]
[EventType "team-tourn"]
[EventCountry "SLO"]
[SourceTitle "playchess.com"]
[Source "ChessBase"]
[SourceQuality "1"]
[WhiteTeam "Croatia"]
[BlackTeam "Czech Republic"]
[WhiteTeamCountry "CRO"]
[BlackTeamCountry "CZE"]
[TimeControl "40/5400+30:1800+30"]

1. d4 Nf6 2. c4 g6 3. g3 Bg7 4. Bg2 d5 5. cxd5 Nxd5 6. Nf3 O-O 7. O-O Nc6 8. e3 Nb6 9. Nc3 Re8 10. Nh4 e5 11. d5 Na5 12. e4 c6 13. Be3 cxd5 14. Bxb6 axb6 15. Nxd5 Nc6 16. Qb3 Be6 17. Rfc1 Nd4 18. Qd1 Bxd5 19. exd5 e4 20. Rc4 Qxd5 21. Bf1 Qd7 22. Rb4 Red8 23. Be2 Qe7 24. Rxb6 Nf3+ 25. Bxf3 Rxd1+ 26. Bxd1 e3 27. Bf3 exf2+ 28. Kf1 Re8 29. Ng2 Qc5 30. Rxb7 Qc4+ 31. Kxf2 Bd4+ 32. Ne3 Rxe3 33. Kg2 Qc2+ 0-1

[Event "Mitropa Cup Women 2019"]
[Site "Radenci"]
[Date "2019.06.02"]
[Round "7.2"]
[White "Nemcova, Karin"]
[Black "Afraoui, Anaelle"]
[Result "1-0"]
[ECO "B23"]
[WhiteElo "1947"]
[BlackElo "2068"]
[Annotator "NA"]
[PlyCount "77"]
[EventDate "2019.05.27"]
[EventType "team-tourn"]
[EventCountry "SLO"]
[SourceTitle "playchess.com"]
[Source "ChessBase"]
[SourceQuality "1"]
[WhiteTeam "Czech Republic"]
[BlackTeam "France"]
[WhiteTeamCountry "CZE"]
[BlackTeamCountry "FRA"]
[TimeControl "40/5400+30:1800+30"]

1. e4 c5 2. Nc3 Nc6 3. Bb5 Nd4 4. Nf3 a6 5. Bd3 g6 6. Nxd4 cxd4 7. Ne2 Bg7 8. c3 dxc3 9. dxc3 Nf6 10. O-O O-O 11. Bg5 h6 12. Bh4 d6 13. h3 Bd7 14. Qc2 Rc8 15. Kh1 b5 16. a4 bxa4 17. Bxa6 Rb8 18. Bd3 Qb6 19. Rab1 Qb7 20. f4 Bc6 21. Bxf6 Bxf6 22. Nd4 Bd7 23. Qe2 Bg7 24. f5 Bf6 25. Rf3 g5 26. Re3 Be5 27. h4 a3 28. b4 Kg7 29. Bc4 Be8 30. hxg5 hxg5 31. Rh3 Rh8 32. Rxh8 Kxh8 33. Qh5+ Kg8 34. Qxg5+ Kf8 35. Qh6+ Kg8 36. Ne6 Bf6 37. Ng5 Qxe4 38. Nxe4 Bg7 39. Qg5 1-0

[Event "Mitropa Cup Women 2019"]
[Site "Radenci"]
[Date "2019.06.02"]
[Round "7.3"]
[White "Choisy, Mathilde"]
[Black "Koubova, Anna Marie"]
[Result "1/2-1/2"]
[ECO "B45"]
[WhiteElo "2113"]
[BlackElo "1975"]
[Annotator "ChessBase"]
[PlyCount "81"]
[EventDate "2019.05.27"]
[EventType "team-tourn"]
[EventCountry "SLO"]
[SourceTitle "playchess.com"]
[Source "ChessBase"]
[SourceQuality "1"]
[WhiteTeam "France"]
[BlackTeam "Czech Republic"]
[WhiteTeamCountry "FRA"]
[BlackTeamCountry "CZE"]
[TimeControl "40/5400+30:1800+30"]

1. e4 c5 2. Nf3 e6 3. d4 cxd4 4. Nxd4 Nf6 5. Nc3 Nc6 6. Nxc6 bxc6 7. e5 Nd5 8. Ne4 Qc7 9. f4 Qb6 10. c4 Bb4+ 11. Ke2 f5 12. exf6 Nxf6 13. Be3 Qd8 14. Nd6+ Bxd6 15. Qxd6 c5 16. Rd1 Bb7 17. Qxc5 Bc6 18. Rg1 Rc8 19. Qe5 O-O 20. g4 Bb7 21. g5 Ne4 22. Bh3 Re8 23. Rd4 Qc7 24. Qxc7 Rxc7 25. Bg2 Nc5 26. Rd2 Bxg2 27. Rxg2 a5 28. Kf3 a4 29. Rg1 Rb8 30. Rc1 Rb4 31. Bxc5 Rxc5 32. Ke3 d5 33. Rdc2 dxc4 34. h4 Rcb5 35. Rxc4 Rxb2 36. Rxa4 Rb7 37. Ra8+ Kf7 38. h5 Rh2 39. g6+ hxg6 40. hxg6+ Kxg6 41. Rg1+ 1/2-1/2

[Event "Mitropa Cup Women 2019"]
[Site "Radenci"]
[Date "2019.06.02"]
[Round "7.4"]
[White "Pribylova, Sofie"]
[Black "Djidjeli, Sarah"]
[Result "1/2-1/2"]
[ECO "B23"]
[WhiteElo "2069"]
[BlackElo "2012"]
[Annotator "NA"]
[PlyCount "83"]
[EventDate "2019.05.27"]
[EventType "team-tourn"]
[EventCountry "SLO"]
[SourceTitle "playchess.com"]
[Source "ChessBase"]
[SourceQuality "1"]
[WhiteTeam "Czech Republic"]
[BlackTeam "France"]
[WhiteTeamCountry "CZE"]
[BlackTeamCountry "FRA"]
[TimeControl "40/5400+30:1800+30"]

1. e4 c5 2. Nc3 Nc6 3. Bb5 Nd4 4. Bc4 e6 5. Nge2 Nf6 6. O-O a6 7. a4 Qc7 8. d3 b6 9. Nxd4 cxd4 10. Ne2 Nxe4 11. Bxe6 dxe6 12. dxe4 e5 13. c3 dxc3 14. Nxc3 Be6 15. Nd5 Bxd5 16. Qxd5 Rd8 17. Qb3 Bc5 18. Bg5 Rd7 19. Rad1 O-O 20. Qg3 Rxd1 21. Rxd1 Qc6 22. Qg4 h6 23. Bc1 Bd4 24. h3 Kh8 25. b3 Qc2 26. Qf3 Rc8 27. Rf1 Rc6 28. Qxf7 Rf6 29. Qe8+ Kh7 30. Be3 Bxe3 31. fxe3 Rxf1+ 32. Kxf1 Qxe4 33. Qe6 Qxe3 34. Qf5+ Kg8 35. Qe6+ Kf8 36. Qc8+ Ke7 37. Qc7+ Kf6 38. Qd6+ Kf7 39. Qd7+ Kf6 40. Qd6+ Kg5 41. Qe7+ Kg6 42. Qe6+ 1/2-1/2

[Event "Mitropa Cup Women 2019"]
[Site "Radenci"]
[Date "2019.06.02"]
[Round "7.5"]
[White "Unuk, Laura"]
[Black "Motycakova, Monika"]
[Result "1-0"]
[ECO "E04"]
[WhiteElo "2265"]
[BlackElo "2150"]
[Annotator "ChessBase"]
[PlyCount "57"]
[EventDate "2019.05.27"]
[EventType "team-tourn"]
[EventCountry "SLO"]
[SourceTitle "playchess.com"]
[Source "ChessBase"]
[SourceQuality "1"]
[WhiteTeam "Slovenia"]
[BlackTeam "Slovakia"]
[WhiteTeamCountry "SLO"]
[BlackTeamCountry "SVK"]
[TimeControl "40/5400+30:1800+30"]

1. d4 Nf6 2. c4 e6 3. Nf3 d5 4. g3 dxc4 5. Bg2 a6 6. Ne5 Bb4+ 7. Nc3 Nd5 8. Bd2 b5 9. a4 Bxc3 10. bxc3 Bb7 11. e4 Nf6 12. Qb1 c5 13. axb5 cxd4 14. Nxc4 O-O 15. Na5 Qc8 16. cxd4 axb5 17. O-O Ba6 18. Bg5 Ra7 19. Bxf6 gxf6 20. d5 Rc7 21. Bh3 Re8 22. Rd1 Kg7 23. Ra2 Rc3 24. Nb3 Qc4 25. Nd4 exd5 26. Nf5+ Kh8 27. Nd6 Qc6 28. Nxe8 Qxe8 29. exd5 1-0

[Event "Mitropa Cup Women 2019"]
[Site "Radenci"]
[Date "2019.06.02"]
[Round "7.6"]
[White "Ferkova, Dominika"]
[Black "Janzelj, Lara"]
[Result "0-1"]
[ECO "D19"]
[WhiteElo "2037"]
[BlackElo "2203"]
[Annotator "ChessBase"]
[PlyCount "122"]
[EventDate "2019.05.27"]
[EventType "team-tourn"]
[EventCountry "SLO"]
[SourceTitle "playchess.com"]
[Source "ChessBase"]
[SourceQuality "1"]
[WhiteTeam "Slovakia"]
[BlackTeam "Slovenia"]
[WhiteTeamCountry "SVK"]
[BlackTeamCountry "SLO"]
[TimeControl "40/5400+30:1800+30"]

1. d4 d5 2. c4 c6 3. Nf3 Nf6 4. Nc3 dxc4 5. a4 Bf5 6. e3 e6 7. Bxc4 Bb4 8. O-O O-O 9. Qe2 Bg4 10. Rd1 Qa5 11. Bd2 Qh5 12. e4 c5 13. d5 exd5 14. Nxd5 Nxd5 15. Bxd5 Nc6 16. Bxc6 bxc6 17. Rac1 Rac8 18. Bf4 Rfe8 19. Qd3 h6 20. h3 Be6 21. Ne5 Qh4 22. Qg3 Qxg3 23. Bxg3 Bb3 24. Rd7 a5 25. Nd3 Bd2 26. Ra1 c4 27. Nc5 Bb4 28. Nxb3 cxb3 29. Rd3 Rxe4 30. Rxb3 Re2 31. Rb1 c5 32. Bf4 Re4 33. Bg3 Rd8 34. Rc1 Rd2 35. Kf1 h5 36. Re3 Rxe3 37. fxe3 Rxb2 38. Bd6 c4 39. Be5 Rb3 40. Rxc4 Rxe3 41. Bb2 Rb3 42. Rc8+ Kh7 43. Rc2 Kg6 44. Ke2 f6 45. Bc1 Rb1 46. Bb2 Kf5 47. Kf3 h4 48. Ke2 Ke4 49. Rc4+ Kd5 50. Rc2 Re1+ 51. Kf3 Rb1 52. Ke2 Ke6 53. Rc6+ Kf5 54. Rc2 g5 55. Kd3 Kg6 56. Ke2 f5 57. Kf3 Kh5 58. g3 hxg3 59. Kxg3 Rd1 60. Bc1 Rd4 61. Be3 f4+ 0-1

[Event "Mitropa Cup Women 2019"]
[Site "Radenci"]
[Date "2019.06.02"]
[Round "7.7"]
[White "Urh, Zala"]
[Black "Sankova, Stella"]
[Result "1/2-1/2"]
[ECO "E22"]
[WhiteElo "2099"]
[BlackElo "2013"]
[Annotator "NA"]
[PlyCount "66"]
[EventDate "2019.05.27"]
[EventType "team-tourn"]
[EventCountry "SLO"]
[SourceTitle "playchess.com"]
[Source "ChessBase"]
[SourceQuality "1"]
[WhiteTeam "Slovenia"]
[BlackTeam "Slovakia"]
[WhiteTeamCountry "SLO"]
[BlackTeamCountry "SVK"]
[TimeControl "40/5400+30:1800+30"]

1. d4 Nf6 2. c4 e6 3. Nf3 d5 4. Nc3 Bb4 5. Qb3 Nc6 6. e3 O-O 7. a3 dxc4 8. Bxc4 Bd6 9. Be2 e5 10. dxe5 Nxe5 11. O-O c6 12. Rd1 Qe7 13. Qc2 Nxf3+ 14. Bxf3 Bg4 15. Bxg4 Nxg4 16. h3 Nf6 17. Ne2 Rad8 18. Bd2 Qe5 19. Ng3 Nd5 20. Be1 Kh8 21. Rd3 Qe6 22. Nf1 Be5 23. Rad1 f5 24. Nd2 Bc7 25. Nf3 Bb6 26. b4 f4 27. exf4 Rxf4 28. Bc3 Rdf8 29. Bd4 Qg6 30. Bxb6 axb6 31. Re1 b5 32. Rd2 Qxc2 33. Rxc2 Kg8 1/2-1/2

[Event "Mitropa Cup Women 2019"]
[Site "Radenci"]
[Date "2019.06.02"]
[Round "7.8"]
[White "Milcova, Zuzana"]
[Black "Kuhar, Larisa"]
[Result "1/2-1/2"]
[ECO "B06"]
[WhiteElo "2093"]
[BlackElo "1930"]
[Annotator "NA RC"]
[PlyCount "144"]
[EventDate "2019.05.27"]
[EventType "team-tourn"]
[EventCountry "SLO"]
[SourceTitle "playchess.com"]
[Source "ChessBase"]
[SourceQuality "1"]
[WhiteTeam "Slovakia"]
[BlackTeam "Slovenia"]
[WhiteTeamCountry "SVK"]
[BlackTeamCountry "SLO"]
[TimeControl "40/5400+30:1800+30"]

1. e4 c5 2. c3 d5 3. exd5 Qxd5 4. d4 g6 5. Nf3 Bg7 6. Be3 cxd4 7. cxd4 Qa5+ 8. Nc3 Nh6 {[%emt 0:00:43] B06: Modern Defence} 9. Bc4 O-O 10. O-O Bg4 11. Qd2 $146 ({Predecessor:} 11. Qc1 Nf5 12. Ne5 Bxe5 13. dxe5 Nxe3 14. Qxe3 Nc6 15. e6 Bxe6 16. Bxe6 fxe6 17. Qxe6+ {½-½ (32) Berelowitsch,A (2541)-Almasi,Z (2672) Germany 2003}) 11... Nf5 12. Ne1 Nc6 13. h3 Nxe3 14. fxe3 Bf5 15. Nf3 Rac8 16. Bb3 Rcd8 17. Qf2 b5 18. Rad1 b4 19. e4 bxc3 20. exf5 Qxf5 21. bxc3 Na5 22. Bc2 Qd5 23. Bd3 Rc8 24. Rc1 Rc7 25. Qe3 Nc4 26. Bxc4 Qxc4 27. Ne5 Qxa2 28. Rf3 Qe6 29. Ra1 Bxe5 30. dxe5 Qb6 31. Qxb6 axb6 32. Ra6 Rb7 33. Rd3 Rc8 34. Kf2 Rc5 35. Ra8+ Kg7 36. Re3 Rbc7 37. Ra3 Rb5 38. g4 Rcc5 39. e6 Re5 40. exf7 Rxe3 41. f8=Q+ Kxf8 42. Ra8+ Kf7 43. Kxe3 Rb1 44. Rh8 Kg7 45. Re8 Re1+ 46. Kf4 Kf6 47. g5+ Kf7 48. Rh8 Kg7 49. Re8 h6 50. gxh6+ Kxh6 51. h4 Rc1 52. Rc8 Kg7 53. Rc6 b5 54. Rb6 Rxc3 55. Rxb5 Kf6 56. Rb4 Rc1 57. Rb6+ e6 58. Ra6 Rc4+ 59. Kg3 Kf5 60. Ra3 Rg4+ 61. Kh3 $1 e5 62. Ra8 Rd4 63. Rf8+ Ke6 64. Re8+ Kf6 65. Rf8+ Ke7 66. Rg8 Kf7 $11 67. Ra8 Rf4 68. Kg3 Rf1 69. Kg2 Rb1 70. Kg3 Rb4 71. Ra6 Rc4 72. Rb6 Ra4 1/2-1/2

[Event "Mitropa Cup Women 2019"]
[Site "Radenci"]
[Date "2019.06.02"]
[Round "7.9"]
[White "Ragger, Anna-Christina"]
[Black "Havanecz, Bianka"]
[Result "0-1"]
[ECO "D00"]
[WhiteElo "2272"]
[BlackElo "2279"]
[Annotator "ChessBase"]
[PlyCount "80"]
[EventDate "2019.05.27"]
[EventType "team-tourn"]
[EventCountry "SLO"]
[SourceTitle "playchess.com"]
[Source "ChessBase"]
[SourceQuality "1"]
[WhiteTeam "Austria"]
[BlackTeam "Hungary"]
[WhiteTeamCountry "AUT"]
[BlackTeamCountry "HUN"]
[TimeControl "40/5400+30:1800+30"]

1. d4 Nf6 2. Bf4 d5 3. e3 c5 4. c3 Nc6 5. Nd2 Qb6 6. Qb3 c4 7. Qc2 g6 8. e4 dxe4 9. Nxc4 Qd8 10. Be2 Bg7 11. h4 O-O 12. O-O-O b5 13. Ne5 Qb6 14. Kb1 Nd5 15. Nxc6 Qxc6 16. Bc1 h5 17. f3 exf3 18. Nxf3 a5 19. Ne5 Qb7 20. g4 hxg4 21. h5 b4 22. c4 b3 23. Qxb3 Qxb3 24. axb3 Bxe5 25. cxd5 Bf5+ 26. Bd3 Bxd3+ 27. Rxd3 Bg7 28. Bg5 f6 29. Bd2 Rfd8 30. hxg6 Rxd5 31. b4 a4 32. Kc2 f5 33. Re1 Bf6 34. Bh6 Rad8 35. Rf1 Bxd4 36. Rxd4 Rxd4 37. Rxf5 R4d6 38. Rg5 Rc8+ 39. Kb1 Rd1+ 40. Ka2 Rh1 0-1

[Event "Mitropa Cup Women 2019"]
[Site "Radenci"]
[Date "2019.06.02"]
[Round "7.11"]
[White "Schloffer, Jasmin-Denise"]
[Black "Varga, Klara"]
[Result "1/2-1/2"]
[ECO "E36"]
[WhiteElo "2133"]
[BlackElo "2146"]
[Annotator "ChessBase"]
[PlyCount "124"]
[EventDate "2019.05.27"]
[EventType "team-tourn"]
[EventCountry "SLO"]
[SourceTitle "playchess.com"]
[Source "ChessBase"]
[SourceQuality "1"]
[WhiteTeam "Austria"]
[BlackTeam "Hungary"]
[WhiteTeamCountry "AUT"]
[BlackTeamCountry "HUN"]
[TimeControl "40/5400+30:1800+30"]

1. d4 Nf6 2. c4 e6 3. Nc3 Bb4 4. Qc2 O-O 5. a3 Bxc3+ 6. Qxc3 d5 7. Bg5 dxc4 8. Qxc4 b6 9. Rd1 Ba6 10. Qa4 Qd7 11. Qc2 Qc6 12. Qxc6 Nxc6 13. Bxf6 gxf6 14. e3 Bb7 15. Nf3 Rac8 16. Be2 Ne7 17. Rc1 Rfd8 18. O-O Kf8 19. h3 Ng6 20. Rfd1 Ke7 21. b4 c5 22. bxc5 bxc5 23. Rxc5 Rxc5 24. dxc5 Rxd1+ 25. Bxd1 Bxf3 26. Bxf3 Ne5 27. Be2 Nd7 28. c6 Ne5 29. Bb5 Kd6 30. Kh2 Nxc6 31. Kg3 Ne7 32. Kg4 Nd5 33. Be8 Ke7 34. Ba4 f5+ 35. Kg5 Nf6 36. Bc2 Ng8 37. f3 h6+ 38. Kh5 Kf6 39. g4 fxg4 40. fxg4 Kg7 41. g5 hxg5 42. Kxg5 Ne7 43. Be4 f6+ 44. Kh5 f5 45. Bb7 Kf6 46. Kh4 Ng6+ 47. Kg3 Kg5 48. Bc8 e5 49. Kf3 Ne7 50. Be6 Kh4 51. Bd7 Kxh3 52. e4 Kh4 53. exf5 Kg5 54. Ke4 Kf6 55. Be6 Nc6 56. Bd7 Nd4 57. a4 a5 58. Bc8 Nb3 59. Kd5 e4 60. Kxe4 Nc5+ 61. Kd4 Nxa4 62. Kc4 Nb6+ 1/2-1/2